 Dungeon Crawl Stone Soup version 0.32-a0-898-g7811c86cf0 (webtiles) character file.

Game seed: 11136662972958321372

26306 Fodor the Fighter (level 12, -1/118 HPs)
             Began as a Minotaur Fighter on Apr 4, 2024.
             Was an Initiate of Gozag.
             Slain by a culicivora (8 damage)
             ... led by a torpor snail
             ... on level 1 of the Spider Nest.
             The game lasted 00:48:38 (12566 turns).

Fodor the Fighter (Minotaur Fighter)               Turns: 12566, Time: 00:48:41

Health: -1/118     AC: 23    Str: 25    XL:     12   Next: 97%
Magic:  11/11      EV: 12    Int:  5    God:    Gozag
Gold:   1917       SH:  0    Dex: 16    Spells: 11/11 levels left

rFire   + + .        w - +5 lajatang of Becwueq {flame, rC+}
rCold   x . .        (shield currently unavailable)
rNeg    . . .        b - +2 fire dragon scales
rPois   .            O - +1 hat {SInv}
rElec   .            l - scarf {harm}
rCorr   +            y - +0 pair of gloves
SInv    +            B - +0 pair of boots
Will    +....        a - dreamdust necklace {Acrobat}
Stlth   +            u - ring of the Coward {rC- rCorr Dex+5 SInv}
HPRegen 0.39/turn    N - +4 ring of protection
MPRegen 0.12/turn

%: harm (+30% outgoing, +20% incoming), acrobat
@: lethally poisoned (-1 -> -7), gold aura, enlightened, flying
A: horns 2, retaliatory headbutt
a: Renounce Religion, Potion Petition, Call Merchant, Bribe Branch


You were on level 1 of the Spider Nest.
You worshipped Gozag.
Gozag was most pleased with you.
You visited 4 branches of the dungeon, and saw 15 of its levels.
You also visited: Ossuary.

You collected 2525 gold pieces.
You spent 457 gold pieces at shops.
You paid 151 gold pieces to Gozag.

Inventory:

Hand Weapons
 p - a +0 arbalest
 w - the +5 lajatang of Becwueq (weapon) {flame, rC+}
   (You found it on level 2 of the Dungeon)

   rC+:       It protects you from cold.
 R - a +4 orcbow
Missiles
 k - 2 boomerangs (quivered)
Armour
 b - +2 fire dragon scales (worn)
 l - a scarf of harm (worn)
 m - a +0 cloak
 y - a +0 pair of gloves (worn)
 B - a +0 pair of boots (worn)
 O - a +1 hat of see invisible (worn)
Jewellery
 a - the dreamdust necklace (around neck) {Acrobat}
   (You found it on level 4 of the Dungeon)

   [amulet of the acrobat]

   Acrobat:   It increases your evasion while moving and waiting.
 e - a ring of fire
 q - a ring of positive energy
 u - the ring of the Coward (left hand) {rC- rCorr Dex+5 SInv}
   (You found it on level 10 of the Dungeon)

   [ring of resist corrosion]

   Dex+5:     It affects your dexterity (+5).
   rC-:       It makes you vulnerable to cold.
   SInv:      It lets you see invisible.
   rCorr:     It protects you from acid and corrosion.
 A - a ring of flight
 E - a ring of poison resistance
 N - a +4 ring of protection (right hand)
Talismans
 C - a flux talisman
Wands
 i - a wand of acid (6)
 t - a wand of charming (10)
 G - a wand of roots (3)
 I - a wand of digging (10)
Scrolls
 f - 2 scrolls of torment {unknown}
 j - a scroll of blinking {unknown}
 o - a scroll of fog
 r - 3 scrolls of amnesia
 v - 3 scrolls of noise
 x - 4 scrolls of enchant weapon
 z - 4 scrolls of vulnerability
 D - 4 scrolls of teleportation
 H - a scroll of poison
 K - a scroll of fear
 M - a scroll of acquirement {unknown}
 P - a scroll of revelation
Potions
 d - 4 potions of might
 g - 4 potions of haste
 h - 2 potions of brilliance
 s - a potion of attraction {unknown}
 F - a potion of mutation {unknown}
 J - a potion of resistance {unknown}
 L - a potion of berserk rage {unknown}
 Q - a potion of lignification


   Skills:
 + Level 14.7 Fighting
 + Level 4.0 Axes
 - Level 14.0 Staves
 + Level 1.5 Ranged Weapons
 + Level 2.6 Throwing
 + Level 13.4 Armour
 + Level 7.0 Dodging
 + Level 3.9 Stealth
 + Level 4.6 Shields


You had 11 spell levels left.
You didn't know any spells.
Your spell library contained the following spells:

 Spells                   Type           Power      Damage    Failure   Level
 Freeze                   Ice            0%         1d3       75%         1
 Magic Dart               Conj           0%         1d3       75%         1
 Blink                    Tloc           0%         N/A       86%         2
 Call Imp                 Summ           0%         N/A       86%         2
 Frozen Ramparts          Ice            0%         1d1       98%         3
 Fugue of the Fallen      Necr           0%         N/A       98%         3
 Hailstorm                Conj/Ice       0%         3d5       98%         3
 Ozocubu's Armour         Ice            0%         N/A       98%         3
 Summon Ice Beast         Ice/Summ       0%         N/A       98%         3
 Iskenderun's Battlesphe  Conj           0%         2d6       100%        5
 Summon Mana Viper        Hex/Summ       0%         N/A       100%        5
 Bombard                  Conj/Erth      0%         9d1       100%        6
 Permafrost Eruption      Ice/Erth       0%         2x4d1     100%        6
 Sculpt Simulacrum        Ice/Alch       0%         N/A       100%        6
 Manifold Assault         Tloc           0%         N/A       100%        7
 Monstrous Menagerie      Summ           0%         N/A       100%        7
 Spellforged Servitor     Conj/Summ      0%         N/A       100%        7


Dungeon Overview and Level Annotations

Branches:
Dungeon (10/15)            Temple (1/1) D:7            Lair (3/5) D:10
 Shoals (0/4) Lair:2       Spider (1/4) Lair:2      Ossuary (visited)
    Orc: D:9-12

Altars:
Ashenzari
Cheibriados
Dithmenos
Elyvilon
Fedhas
Gozag
Hepliaklqana
Kikubaaqudgha
Makhleb
Nemelex Xobeh
Okawaru
Qazlal
Ru
Sif Muna
Trog
Uskayaw
Vehumet
Wu Jian
Xom
Yredelemnul
Zin
The Shining One

Shops:
D:7 *


Innate Abilities, Weirdness & Mutations

You have a pair of horns on your head.
You reflexively headbutt those who attack you in melee.


Message History

The redback is no longer distracted by gold.
The redback bites you but does no damage.
The culicivora bites you but does no damage.
The redback barely misses you. The redback bites you!
The culicivora closely misses you. You furiously retaliate!
You headbutt the culicivora! The redback closely misses you.
The torpor snail bites you!
* * * LOW HITPOINT WARNING * * *
You slash the torpor snail! You burn the torpor snail.
You kill the torpor snail!
You feel yourself speed up.
You feel very sick.
The redback bites you but does no damage.
The culicivora bites you.
* * * LOW HITPOINT WARNING * * *
The culicivora draws strength from your injuries!
The redback is distracted by your dazzling golden aura.
It was a potion of enlightenment.
You feel very buoyant.
You fly up into the air.
You feel very sick.
The redback is no longer distracted by gold.
The redback bites you but does no damage.
The culicivora bites you!
* * * LOW HITPOINT WARNING * * *
The culicivora draws strength from your injuries!
The redback bites you but does no damage.
The redback barely misses you. You furiously retaliate!
You headbutt the redback. The culicivora bites you.
* * * LOW HITPOINT WARNING * * *
The culicivora draws strength from your injuries!
The redback barely misses you.
You closely miss the redback.
The redback is moderately wounded.
* * * LOW HITPOINT WARNING * * *
You feel sick.
The redback bites you but does no damage.
The culicivora bites you!
You die...
Your body crumbles into a pile of gold.

. . # ..
.#. #..##.
..## #.#
.#...# ....
..##....
#.. #.#....
###..#....#
#....#.#..#
#s.s# #$@.#
#^.$#s#
#..#...#
#^# ..#.. #
...#...
#..#.#^#.
### # ~.~#
#≈ ≈


You could see a culicivora and 2 redbacks.

Vanquished Creatures
  Gastronok (Lair:1)
  A fire dragon (D:9)
  The ghost of audacious124 the Brawler, a journeyman DrSh of Qazlal (D:9)
  A centaur warrior (D:10)
  2 two-headed ogres
  4 death yaks (Lair:2)
  Joseph (D:9)
  A black mamba (Lair:1)
  A torpor snail (Spider:1)
  4 elephants (Lair:2)
  2 cane toads
  2 unseen horror zombies (D:8)
  2 unseen horrors
  3 komodo dragons
  2 rime drakes
  A hornet (D:7)
  3 jumping spiders
  Prince Ribbit (D:8)
  8 blink frogs (Lair:1)
  A culicivora (Lair:2)
  16 yaks
  6 wyverns
  5 redbacks
  Eustachio (D:5)
  2 basilisks
  2 steam dragons
  Duvessa (D:6)
  2 acid dragons (D:8)
  4 water moccasins
  2 sky beasts
  7 orc warriors
  2 ice beasts
  A black bear (D:8)
  6 centaurs
  6 wolves (Lair:2)
  A phantom (D:6)
  6 kobold brigands
  13 bullfrogs
  2 scorpions
  2 wyvern zombies (D:8)
  A gnoll sergeant (D:7)
  8 wights
  Dowan (D:6)
  6 killer bees
  2 howler monkeys
  2 bombardier beetles
  5 gnoll boudas
  2 centaur zombies (D:8)
  A jelly (D:5)
  7 orc priests
  4 hounds
  2 human zombies (Ossuary)
  A sleepcap (D:5)
  11 orc wizards
  3 iguanas
  4 hell rats (Lair:1)
  Natasha (D:3)
  A killer bee zombie (D:8)
  A hound zombie (Ossuary)
  4 mummies (Ossuary)
  20 gnolls
  A howler monkey zombie (D:8)
  3 river rats (Lair:1)
  7 adders
  4 shadow imps
  A howler monkey simulacrum (D:9)
  3 white imps
  2 ufetubi (D:6)
  An adder zombie (Ossuary)
  A dart slug (D:2)
  3 ribbon worms
  41 orcs
  4 ball pythons (D:2)
  7 endoplasms
  9 goblins
  5 hobgoblins
  6 jackals (D:1)
  22 kobolds
  A quokka (D:4)
  3 bats
  7 frilled lizards
  A goblin zombie (Ossuary)
  3 hobgoblin zombies (Ossuary)
  A jackal zombie (Ossuary)
  2 orc zombies (Ossuary)
  8 rats
  A rat zombie (Ossuary)
363 creatures vanquished.

Vanquished Creatures (collateral kills)
  A cane toad (D:10)
  A komodo dragon (D:10)
  A wyvern (D:10)
  A bullfrog (D:10)
  An orc (D:10)
5 creatures vanquished.

Grand Total: 368 creatures vanquished

Notes
Turn   | Place    | Note
-------+----------+-------------------------------------------
     0 | D:1      | Fodor the Minotaur Fighter began the quest for the Orb.
     0 | D:1      | Reached XP level 1. HP: 19/19 MP: 0/0
    89 | D:1      | Reached XP level 2. HP: 25/27 MP: 1/1
   931 | D:2      | Reached XP level 3. HP: 32/33 MP: 2/2
  1299 | D:2      | Identified the +5 lajatang of Becwueq {flame, rC+}
  1572 | D:3      | Found a faded altar of an unknown god.
  1617 | D:3      | Reached XP level 4. HP: 39/40 MP: 3/3
  2002 | D:3      | Found an ornate altar of the Wu Jian Council.
  2054 | D:3      | Found a bloodstained altar of Trog.
  2055 | D:3      | Found a sparkling altar of Nemelex Xobeh.
  2056 | D:3      | Noticed Natasha
  2065 | D:3      | Reached skill level 1 in Staves
  2074 | D:3      | Killed Natasha
  2075 | D:3      | Reached XP level 5. HP: 20/46 MP: 4/4
  2217 | D:3      | Found a stormy altar of Qazlal.
  2218 | D:3      | Found a snail-covered altar of Cheibriados.
  2220 | D:3      | Found a burning altar of Makhleb.
  2311 | D:4      | Found a sand-covered staircase.
  2316 | Ossuary  | Entered an ossuary
  2325 | Ossuary  | Reached XP level 6. HP: 45/53 MP: 5/5
  2331 | Ossuary  | Reached skill level 1 in Dodging
  2672 | D:4      | Reached skill level 1 in Stealth
  2695 | D:4      | Reached skill level 5 in Fighting
  2772 | D:4      | Reached skill level 5 in Armour
  3010 | D:4      | Found the dreamshard necklace {Acrobat *Dream}
  3334 | D:5      | Entered Level 5 of the Dungeon
  3334 | D:5      | Noticed an ice beast
  3338 | D:5      | Killed an ice beast
  3339 | D:5      | Reached skill level 5 in Staves
  3339 | D:5      | Reached XP level 7. HP: 48/61 MP: 6/6
  3339 | D:5      | Found the +5 Force Lance {heavy, knockback}
  3395 | D:5      | Found a hide-covered altar of Uskayaw.
  3502 | D:5      | Found a sacrificial altar of Ru.
  3653 | D:5      | Found a glowing golden altar of the Shining One.
  3653 | D:5      | Found a basalt altar of Yredelemnul.
  3656 | D:5      | Noticed an angel
  3664 | D:5      | Noticed a profane servitor
  3804 | D:5      | Noticed Eustachio
  3809 | D:5      | Killed Eustachio
  3948 | D:6      | Found a glowing silver altar of Zin.
  3954 | D:6      | Reached XP level 8. HP: 69/70 MP: 7/7
  4306 | D:6      | Noticed Dowan
  4317 | D:6      | Killed Dowan
  4342 | D:6      | Noticed Duvessa
  4349 | D:6      | Killed Duvessa
  4763 | D:7      | Found Inutu's General Store.
  4807 | D:7      | Reached XP level 9. HP: 72/79 MP: 8/8
  4855 | D:7      | Reached skill level 10 in Staves
  5373 | D:7      | Found a staircase to the Ecumenical Temple.
  5392 | Temple   | Entered the Ecumenical Temple
  5401 | Temple   | Became a worshipper of Gozag Ym Sagoz the Greedy
  6040 | D:8      | Noticed Prince Ribbit
  6046 | D:8      | Reached XP level 10. HP: 90/90 MP: 9/9
  6055 | D:8      | Killed Prince Ribbit
  6790 | D:8      | Noticed a two-headed ogre
  6813 | D:8      | Killed a two-headed ogre
  7474 | D:9      | Found a runed translucent door.
  7540 | D:9      | Noticed a fire dragon
  7556 | D:9      | Killed a fire dragon
  7566 | D:9      | Reached skill level 10 in Fighting
  7809 | D:9      | Reached XP level 11. HP: 99/99 MP: 10/10
  8046 | D:9      | Found an iron altar of Okawaru.
  8197 | D:9      | Noticed Joseph
  8206 | D:9      | Killed Joseph
  8207 | D:9      | Reached skill level 10 in Armour
  8234 | D:9      | Found an ancient bone altar of Kikubaaqudgha.
  8237 | D:9      | Found a blossoming altar of Fedhas.
  8652 | D:9      | Noticed audacious124's ghost (journeyman DrSh)
  8667 | D:9      | Killed audacious124's ghost
  9198 | D:10     | Entered Level 10 of the Dungeon
  9216 | D:10     | Saved by the dreamshard amulet
  9228 | D:10     | Reached skill level 1 in Throwing
  9240 | D:10     | Found a staircase to the Lair.
  9267 | D:10     | Identified the +9 whip "Kenleos" {drain, Int+3}
  9687 | D:7      | Bought a wand of acid (6) for 352 gold pieces
  9687 | D:7      | Bought a scroll of enchant armour for 105 gold pieces
  9789 | D:10     | Noticed a two-headed ogre
  9802 | D:10     | Killed a two-headed ogre
  9965 | D:10     | Noticed a centaur warrior
  9978 | D:10     | Killed a centaur warrior
  9983 | D:10     | Identified the ring of the Coward {rC- rCorr Dex+5 SInv}
 10274 | Lair:1   | Entered Level 1 of the Lair of Beasts
 10294 | Lair:1   | Reached skill level 5 in Dodging
 10419 | Lair:1   | Identified the +0 scale mail "Fozesainta" {rPois rF++ Str-5
                  | Stlth+}
 10547 | Lair:1   | Noticed Gastronok
 10563 | Lair:1   | Killed Gastronok
 10564 | Lair:1   | Reached XP level 12. HP: 42/113 MP: 11/11
 11523 | Lair:2   | Found a hole to the Spider Nest.
 11542 | Lair:2   | Noticed a death yak
 11544 | Lair:2   | Noticed a death yak
 11546 | Lair:2   | Noticed a death yak
 11549 | Lair:2   | Noticed a death yak
 11554 | Lair:2   | Killed a death yak
 11563 | Lair:2   | Killed a death yak
 11568 | Lair:2   | Killed a death yak
 11571 | Lair:2   | Killed a death yak
 11636 | Lair:2   | Found a staircase to the Shoals.
 11890 | Lair:2   | Reached skill level 1 in Ranged Weapons
 11898 | Lair:2   | You fall into a shaft and drop 1 floor!
 11989 | Lair:2   | Identified the +3 falchion "Errunir" {heavy, *Slow rElec
                  | rC+ rCorr}
 12293 | Lair:2   | Identified the +10 falchion "Beastslayer" {freeze, Will+
                  | Int+4 Stlth-}
 12549 | Spider:1 | Entered Level 1 of the Spider Nest
 12566 | Spider:1 | Slain by a culicivora

Illustrated notes

Levels and vault maps discovered:
D:1:      orjb1_lava_funnel, layout_basic, serial_glass, glass_columns_a,
          glass_columns_a, glass_columns_a, glass_columns_a, glass_columns_b,
          glass_columns_b, glass_columns_a, glass_columns_a, glass_columns_a,
          glass_columns_c, minmay_misc_feat_doors
D:2:      minmay_general_purpose_star, layout_basic
D:3:      layout_loops_ring, nzn_wu_jian_council_hall, minitemple,
          hellmonk_ecumenical_altar_heavens_door, uniq_natasha
D:4:      layout_basic, enter_ossuary_2
D:5:      layout_rooms, grunt_temple_overflow_holy_war,
          mainiacjoe_overflow_small_starburst, hangedman_ru_absence,
          minmay_misc_feat_ornament, uniq_eustachio
D:6:      kennysheep_spiral_hall, layout_rooms,
          mainiacjoe_overflow_cross_hatched, uniq_duvessa
D:7:      layout_cave_pools, minmay_temple_entry_nine_rooms, serial_park,
          serial_park_tiny_pond, serial_park_gazebo
          [serial_park_minivault_5x5_6], serial_park_square2,
          serial_park_square3 [serial_park_minivault_5x5_4], serial_shops, shop
D:8:      black_bear_nest_2, layout_basic, serial_undead, serial_undead_a,
          serial_undead_e, serial_undead_a, serial_undead_b,
          kennysheep_kite_vault, uniq_prince_ribbit1
D:9:      nzn_winding_woodlands_small [nzn_winding_woodlands_5x15_split_checker,
          nzn_winding_woodlands_center_diamonds,
          nzn_winding_woodlands_5x15_crooked], layout_grid_maze,
          grunt_temple_overflow_growth_and_decay, lemuel_doored_altar,
          ebering_ghost_reflecting_pool, uniq_joseph
D:10:     layout_big_octagon, dpeg_lair_monsters, serial_shops,
          nicolae_shop_peninsula
Temple:   hellmonk_temple_rainy
Lair:1:   layout_concentric_octagons, special_room, kennysheep_abandoned_house,
          uniq_gastronok
Lair:2:   layout_cave_pods, minmay_shoals_entry_centaurs,
          nicolae_spider_entry_tight_spaces, serial_bayou_pond_d,
          lemuel_fruit_fields
Lair:3:   layout_regular_city, grunt_megastairs_1, uniq_kirke
Spider:1: layout_spider_delve, gammafunk_ghost_split

Skill      XL: |  1  2  3  4  5  6  7  8  9 10 11 12 |
---------------+-------------------------------------+-----
Shields        | 4 |  4.6
Fighting       | 4 5 7 8 10 12 14 | 14.7
Axes           | 3 4 |  4.0
Armour         | 4 5 6 7 9 12 13 | 13.4
Staves         | 1 3 5 7 9 11 13 14 | 14.0
Dodging        | 1 2 3 5 7 |  7.0
Stealth        | 1 2 3 |  3.9
Throwing       | 2 |  2.6
Ranged Weapons | 1 |  1.5

Action                     |  1- 3 |  4- 6 |  7- 9 | 10-12 || total
---------------------------+-------+-------+-------+-------++-------
  Melee: War axe           |    71 |       |       |       ||    71
         Headbutt          |     7 |     9 |    29 |   100 ||   145
         Lajatang          |     6 |    91 |   200 |   447 ||   744
   Fire: Arbalest          |       |       |       |    10 ||    10
  Throw: Boomerang         |     3 |       |       |     8 ||    11
    Use: Potion            |       |     4 |       |     9 ||    13
         Scroll            |       |     4 |     2 |     9 ||    15
   Stab: Distracted        |       |       |       |     4 ||     4
 Armour: Fire dragon scale |    71 |   129 |   173 |   354 ||   727
         Scale mail        |     8 |       |       |       ||     8
         Skin              |       |       |       |     1 ||     1
  Dodge: Dodged            |    37 |    67 |   163 |   384 ||   651
  Block: Buckler           |    26 |       |       |       ||    26

Table legend: (Time is in decaauts)
 A = Elapsed time spent in this place.
 B = Non-inter-level travel time spent in this place.
 C = Inter-level travel time spent in this place.
 D = Time resting spent in this place.
 E = Time spent auto-exploring this place.
 F = Levels seen in this place.
 G = Mean time per level.
                   A        B        C        D        E       F      G
               +--------+--------+--------+--------+--------+-----+--------+
         Total |  12480 |  12169 |    311 |   1000 |   7439 |  16 |  780.0 |
       Dungeon |   9959 |   9648 |    311 |    749 |   6174 |  10 |  995.9 |
        Temple |     22 |     22 |      0 |      0 |      0 |   1 |   22.0 |
          Lair |   2220 |   2220 |      0 |    181 |   1254 |   3 |  740.0 |
   Spider Nest |     17 |     17 |      0 |      0 |      0 |   1 |   17.0 |
       Ossuary |    259 |    259 |      0 |     70 |     11 |   1 |  259.0 |
               +--------+--------+--------+--------+--------+-----+--------+

Top non-repeatable levels by time:
     D:8: 1921 daAuts
     D:9: 1800 daAuts
  Lair:1: 1101 daAuts
  Lair:2: 1089 daAuts
     D:1: 915 daAuts
    D:10: 884 daAuts
     D:4: 818 daAuts
     D:7: 814 daAuts
     D:3: 810 daAuts
     D:6: 732 daAuts
     D:5: 699 daAuts
     D:2: 562 daAuts
 Ossuary: 259 daAuts
  Lair:3: 28 daAuts
  Temple: 22 daAuts
